 Dungeon Crawl Stone Soup version 0.21.0-24-g2553a33 (webtiles) character file.

26808 Gorglomux the Severer (level 13, -3/114 HPs)
             Began as a Minotaur Air Elementalist on Jan 20, 2018.
             Was the Champion of Okawaru.
             Slain by a 13-headed hydra (9 damage)
             ... on level 5 of the Lair of Beasts.
             The game lasted 00:33:03 (18193 turns).

Gorglomux the Severer (Minotaur Air Elementalist)  Turns: 18193, Time: 00:33:03

Health: -3/114     AC: 15    Str: 17    XL:     13   Next: 1%
Magic:  13/14      EV: 19    Int: 12    God:    Okawaru [******]
Gold:   767        SH:  0    Dex: 12    Spells: 14/14 levels left

rFire    . . .     SeeInvis +   Z - +14 obsidian axe {chop, +Fly SInv *Curse} (curse)
rCold    + . .     Gourm    .   (no shield)
rNeg     . . .     Faith    +   G - +0 swamp dragon scales
rPois    +         Spirit   .   (helmet restricted)
rElec    .         Reflect  .   (no cloak)
rCorr    .         Harm     .   H - +2 pair of gloves
MR       .....                  (no boots)
Stlth    +++.......             S - amulet of faith
HPRegen  0.29/turn              y - +2 ring of slaying
MPRegen  0.14/turn              c - ring of protection from cold

@: heroism, mesmerised
A: retaliatory headbutt, horns 2
a: Heroism, Finesse, Renounce Religion, Evoke Flight


You were on level 5 of the Lair of Beasts.
You worshipped Okawaru.
Okawaru was exalted by your worship.
You were not hungry.

You visited 3 branches of the dungeon, and saw 18 of its levels.

You collected 767 gold pieces.

Inventory:

Hand Weapons
 z - a +0 battleaxe of flaming {god gift}
 B - a +2 executioner's axe of chopping {god gift}
 W - a +0 hand axe of flaming
 Z - the cursed +14 obsidian axe (weapon) {chop, +Fly SInv *Curse}
   (You found it on level 10 of the Dungeon)

   It inflicts extra damage upon your enemies.
   It lets you see invisible.
   It lets you fly.
   It curses itself when equipped.
   It has a curse placed upon it.
Armour
 G - +0 swamp dragon scales (worn)
 H - a +2 pair of gloves (worn)
 Y - a +0 plate armour
Jewellery
 c - a ring of protection from cold (right hand)
 s - an uncursed ring of see invisible
 y - a +2 ring of slaying (left hand)
 S - an amulet of faith (around neck)
Wands
 E - a wand of enslavement (7)
 J - a wand of polymorph (22)
 P - a wand of flame (21)
Scrolls
 e - 3 scrolls of remove curse
 i - 3 scrolls of fear
 I - a scroll of immolation
 K - a scroll of enchant armour
 M - 4 scrolls of magic mapping
 N - 2 scrolls of silence
 R - 5 scrolls of identify
 T - 6 scrolls of teleportation
 U - 3 scrolls of enchant weapon
Potions
 h - 5 potions of brilliance
 p - a potion of resistance
 C - 2 potions of flight
 D - a potion of magic
 F - a potion of haste
 O - 3 potions of heal wounds
 Q - 4 potions of curing
 V - a potion of might
Books
 A - a book of Cantrips

   Spells                             Type                      Level
   a - Confusing Touch                Hexes                        1
   b - Animate Skeleton               Necromancy                   1
   c - Summon Small Mammal            Summoning                    1
   d - Apportation                    Translocation                1
Miscellaneous
 X - a phial of floods (inert)
Comestibles
 w - a chunk of flesh
 L - 29 rations


   Skills:
 - Level 10.5(15.5) Fighting
 + Level 17.2(22.2) Axes
 - Level 10.5(15.5) Armour
 - Level 10.0(15.0) Dodging
 - Level 1.5(6.5) Stealth
 - Level 1.3 Spellcasting
   Level 0.6 Conjurations
   Level 2.1 Air Magic
 - Level 3.7 Invocations


You had 14 spell levels left.
You didn't know any spells.

Dungeon Overview and Level Annotations

Branches:
Dungeon (12/15)            Temple (1/1) D:6            Lair (5/6) D:9
 Shoals (0/4) Lair:3        Snake (0/4) Lair:2          Orc (0/2) D:10
  Slime: Lair:5-6

Altars:
Ashenzari
Dithmenos
Elyvilon
Fedhas
Hepliaklqana
Kikubaaqudgha
Makhleb
Nemelex Xobeh
Okawaru
Qazlal
Vehumet
Wu Jian
Xom
The Shining One
Beogh

Shops:
D:4 :   D:6 [

Annotations:
D:9 1 runed door
D:10 Zorot's ghost, journeyman GnMo


Innate Abilities, Weirdness & Mutations

You reflexively headbutt those who attack you in melee.
You have a pair of horns on your head.


Message History

Your neqoxec closely misses the porcupine!
Unknown command!
You barely miss the porcupine! Your headbutt misses the porcupine!
You punch the porcupine!
The butt is moderately wounded!
You chop butt of the 12-headed hydra's heads off!!!
The 11-headed hydra grows two more!!!
You open the 13-headed hydra like a pillowcase!!!
The porcupine bites you but does no butt!
Your neqoxec hits the porcupine!
The 13-headed hydra bites you but does butt damage!
The 13-headed hydra bites you!!! * * * don'butt die
* * * The 13-headed butt bites butt but does no damage!
The 13-headed hydra butts you! * * * don't die
* * * The 13-headed hydra barely misses you!
The 13-headed hydra bites you!!! * * * don't die
* * * The 13-headed hydra bites you!!! rip

..##..........
........................
............#....#......
............ #.....###..
.>....... ##....## ##. ..#P...
#......####. #3...###.........###
#rD..##........##
#.@.###........##
#...P##.........# ### ####
##....##.........##
..###..######..#.P..##.........##
..........#P.................P.P#
.................................
...........#.......###...........
..........####....## #...........
..........# ###....###...........


You could see a 13-headed hydra, a porcupine and a friendly neqoxec.

Vanquished Creatures
  A hydra (Lair:4)
  A centaur warrior (D:10)
  A catoblepas (Lair:2)
  2 two-headed ogres
  A manticore (D:11)
  Joseph (D:9)
  A black mamba (Lair:4)
  9 spiny frogs
  8 komodo dragons
  4 kobold demonologists
  3 trolls
  Prince Ribbit (D:7)
  Grinder (D:4)
  6 hippogriffs
  4 wyverns
  8 yaks (Lair:4)
  3 basilisks
  A human (D:9)
  4 hogs (D:9)
  An acid dragon (D:11)
  2 nagas (Lair:2)
  9 water moccasins
  4 porcupines
  Duvessa (D:7)
  6 orc warriors
  3 black bears
  5 ice beasts
  A swamp drake (D:10)
  An eye of draining (D:11)
  6 ogres
  A phantom (D:10)
  A necrophage (D:11)
  3 centaurs
  5 wolves (Lair:4)
  4 crocodiles
  2 big kobolds
  18 bullfrogs
  A wyvern zombie (D:11)
  3 scorpions
  Dowan (D:7)
  14 wights
  3 howler monkeys
  5 crimson imps
  3 centaur zombies (D:11)
  A quasit (D:7)
  2 jellies
  A bullfrog zombie (D:12)
  3 bullfrog skeletons
  2 gnoll shamans
  3 iguanas
  17 orc priests
  7 hounds
  Ijyb (D:4)
  3 hell rats (Lair:2)
  17 orc wizards
  12 worker ants
  2 hound skeletons
  2 hound zombies
  17 gnolls
  A worker ant zombie (D:11)
  8 adders
  A river rat (Lair:2)
  3 shadow imps
  An adder zombie (D:8)
  3 worms (D:2)
  3 dart slugs
  8 leopard geckos
  50 orcs
  8 bats
  6 giant cockroaches
  5 hobgoblins
  5 jackals
  16 kobolds
  7 quokkas
  A ball python (D:2)
  A ball python skeleton (D:4)
  4 frilled lizards
  7 goblins
  2 jackal zombies
  8 rats
  3 fungi
404 creatures vanquished.

Vanquished Creatures (collateral kills)
  Fannar (D:11)
  2 hydras (Lair:2)
  A manticore (Lair:3)
  A komodo dragon (Lair:3)
  2 hippogriffs
  A yak (Lair:4)
  An ogre (D:11)
  2 wolves (Lair:4)
  3 crocodiles
  A wyvern zombie (D:11)
  2 hounds (D:12)
  2 orc wizards (D:11)
  3 orcs (D:6)
  A rat (Lair:2)
23 creatures vanquished.

Vanquished Creatures (others)
  A fungus (Lair:4)
1 creature vanquished.

Grand Total: 428 creatures vanquished

Notes
Turn   | Place    | Note
-------+----------+-------------------------------------------
     0 | D:1      | Gorglomux the Minotaur Air Elementalist began the quest for the Orb.
     0 | D:1      | Reached XP level 1. HP: 14/14 MP: 1/1
   129 | D:1      | Reached skill level 1 in Fighting
   129 | D:1      | Reached skill level 1 in Armour
   165 | D:1      | Reached XP level 2. HP: 22/23 MP: 3/3
  1135 | D:2      | Reached XP level 3. HP: 26/28 MP: 4/4
  1171 | D:2      | Reached skill level 3 in Dodging
  2016 | D:2      | Reached XP level 4. HP: 21/37 MP: 5/5
  2223 | D:3      | Found an ancient bone altar of Kikubaaqudgha.
  2224 | D:3      | Found a sparkling altar of Nemelex Xobeh.
  2562 | D:3      | Reached skill level 3 in Fighting
  2562 | D:3      | Reached skill level 3 in Armour
  2562 | D:3      | Reached XP level 5. HP: 38/45 MP: 1/6
  2805 | D:3      | Found a burning altar of Makhleb.
  2832 | D:3      | Found a roughly hewn altar of Beogh.
  2902 | D:3      | HP: 2/45 [orc (5)]
  3618 | D:4      | Found a shattered altar of Ashenzari.
  3632 | D:4      | HP: 2/45 [orc priest/divine providence (9)]
  3953 | D:4      | Noticed Grinder
  3955 | D:4      | Paralysed by Grinder for 5 turns
  3989 | D:4      | Killed Grinder
  3989 | D:4      | Reached XP level 6. HP: 21/53 MP: 0/7
  4566 | D:4      | Found an ornate altar of the Wu Jian Council.
  4581 | D:4      | Reached XP level 7. HP: 53/60 MP: 8/8
  4617 | D:4      | Noticed Ijyb
  4637 | D:4      | HP: 2/61 [disintegration (8)]
  4639 | D:4      | Killed Ijyb
  4658 | D:4      | Found Kyga's Book Shoppe.
  5179 | D:5      | Entered Level 5 of the Dungeon
  5310 | D:5      | Reached skill level 6 in Fighting
  5310 | D:5      | Reached skill level 6 in Armour
  5310 | D:5      | Reached skill level 6 in Dodging
  5447 | D:5      | Reached XP level 8. HP: 44/70 MP: 9/9
  5859 | D:6      | Found Zugor's Armour Shop.
  5914 | D:5      | Gained mutation: You tend to lose your temper in combat. [potion of mutation]
  5914 | D:5      | Gained mutation: You evolve. [potion of mutation]
  5914 | D:5      | Lost mutation: You tend to lose your temper in combat. [potion of mutation]
  5914 | D:5      | Gained mutation: You possess an exceptional clarity of mind. [potion of mutation]
  6784 | D:6      | Found a glowing golden altar of the Shining One.
  7088 | D:6      | Found a staircase to the Ecumenical Temple.
  7098 | Temple   | Entered the Ecumenical Temple
  7174 | Temple   | Became a worshipper of Warmaster Okawaru
  7871 | D:7      | Noticed Duvessa
  7871 | D:7      | Noticed Dowan
  7918 | D:7      | Killed Dowan
  8135 | D:7      | Noticed Prince Ribbit
  8141 | D:7      | Killed Duvessa
  8141 | D:7      | Reached XP level 9. HP: 51/81 MP: 10/10
  8357 | D:6      | Lost mutation: You possess an exceptional clarity of mind. [evolution]
  8436 | D:7      | Reached * piety under Okawaru
  8702 | D:7      | Killed Prince Ribbit
  8702 | D:7      | Reached skill level 9 in Fighting
  8702 | D:7      | Reached skill level 9 in Armour
  9205 | D:8      | Noticed a kobold demonologist
  9216 | D:8      | Noticed a hellwing
  9217 | D:8      | Reached skill level 9 in Dodging
  9218 | D:8      | Noticed a sun demon
  9512 | D:8      | Killed a kobold demonologist
  9512 | D:8      | Reached ** piety under Okawaru
  9593 | D:8      | Reached skill level 1 in Axes
  9593 | D:8      | Reached skill level 1 in Invocations
  9642 | D:8      | Reached skill level 2 in Axes
  9644 | D:8      | Reached XP level 10. HP: 10/91 MP: 8/11
 10044 | D:8      | Noticed a two-headed ogre
 10469 | D:8      | Reached skill level 3 in Axes
 10713 | D:8      | Killed a two-headed ogre
 10713 | D:8      | Reached skill level 4 in Axes
 10713 | D:8      | Reached skill level 3 in Invocations
 10738 | D:8      | Found a shimmering altar of Xom.
 10739 | D:8      | Found a hazy altar of Hepliaklqana.
 10816 | D:8      | Reached *** piety under Okawaru
 11002 | D:9      | Reached skill level 5 in Axes
 11056 | D:9      | Found a runed door.
 11056 | D:9      | Found a white marble altar of Elyvilon.
 11056 | D:9      | Noticed an angel
 11143 | D:9      | Reached skill level 6 in Axes
 11159 | D:9      | Noticed Joseph
 11180 | D:9      | Killed Joseph
 11217 | D:9      | Reached skill level 7 in Axes
 11620 | D:9      | Found a staircase to the Lair.
 11687 | D:9      | Reached skill level 8 in Axes
 11869 | D:9      | Reached **** piety under Okawaru
 12014 | D:10     | Entered Level 10 of the Dungeon
 12057 | D:10     | Noticed Zorot's ghost (journeyman GnMo)
 12298 | D:10     | Gained mutation: Your flesh is cold resistant. (rC+) [evolution]
 12388 | D:10     | Found a staircase to the Orcish Mines.
 12504 | D:10     | Reached XP level 11. HP: 71/99 MP: 12/12
 12515 | D:10     | Reached skill level 9 in Axes
 12546 | D:10     | Noticed a centaur warrior
 12557 | D:10     | Killed a centaur warrior
 12918 | D:10     | Noticed a two-headed ogre
 12947 | D:10     | Killed a two-headed ogre
 12947 | D:10     | Reached ***** piety under Okawaru
 12996 | D:10     | Found the cursed +14 obsidian axe {chop, +Fly SInv *Curse}
 13277 | D:11     | Reached skill level 10 in Axes
 13314 | D:11     | Identified Vegg's Almanac of Companions and Stolen Souls
 13506 | D:11     | Reached skill level 11 in Axes
 13517 | D:11     | Noticed Fannar
 13532 | D:11     | Killed Fannar
 13542 | D:11     | Received a gift from Okawaru
 13542 | D:11     | Reached skill level 12 in Axes
 13870 | Lair:1   | Entered Level 1 of the Lair of Beasts
 14074 | Lair:1   | Lost mutation: Your flesh is cold resistant. (rC+) [evolution]
 14074 | Lair:1   | Lost mutation: You evolve. [end of evolution]
 14379 | Lair:1   | Reached skill level 13 in Axes
 14860 | Lair:2   | Found a staircase to the Snake Pit.
 14875 | Lair:2   | Reached XP level 12. HP: 60/107 MP: 11/13
 15052 | Lair:2   | Noticed a catoblepas
 15059 | Lair:2   | Killed a catoblepas
 15116 | Lair:2   | Reached ****** piety under Okawaru
 15157 | Lair:2   | Reached skill level 14 in Axes
 15252 | Lair:2   | Noticed a seven-headed hydra
 15258 | Lair:2   | Killed a seven-headed hydra
 15258 | Lair:2   | Received a gift from Okawaru
 15289 | Lair:2   | Noticed a seven-headed hydra
 15296 | Lair:2   | Killed a seven-headed hydra
 16304 | Lair:3   | Found a staircase to the Shoals.
 16311 | Lair:3   | Reached skill level 15 in Axes
 16593 | Lair:3   | Received a gift from Okawaru
 17081 | Lair:4   | Reached skill level 16 in Axes
 17404 | Lair:4   | Noticed a four-headed hydra
 17436 | Lair:4   | Received a gift from Okawaru
 17805 | Lair:4   | Killed a nine-headed hydra
 17873 | Lair:5   | Reached skill level 17 in Axes
 18123 | Lair:5   | Received a gift from Okawaru
 18123 | Lair:5   | Reached XP level 13. HP: 112/114 MP: 14/14
 18193 | Lair:5   | Slain by a 13-headed hydra

Skill      XL: |  1  2  3  4  5  6  7  8  9 10 11 12 |
---------------+-------------------------------------+-----
Fighting       | 1 2 3 4 6 7 9 10 | 10.5
Armour         | 1 2 3 4 6 8 9 10 | 10.5
Dodging        | 3 4 5 6 7 9 10 | 10.0
Axes           | 2 8 13 17 | 17.2
Invocations    | 1 3 |  3.7
Stealth        | |  1.5
Spellcasting   | |  1.3
Conjurations   | |  0.6
Air Magic      | |  2.1

Action                   |  1- 3 |  4- 6 |  7- 9 | 10-12 | 13-15 || total
-------------------------+-------+-------+-------+-------+-------++-------
Melee: Unarmed           |     7 |       |     4 |     4 |       ||    15
       Dagger            |   126 |   104 |       |       |       ||   230
       Headbutt          |    17 |    22 |    65 |    92 |     1 ||   197
       Short sword       |       |    11 |   135 |       |       ||   146
       Flail             |       |       |   270 |    82 |       ||   352
       Quarterstaff      |       |       |       |    99 |       ||    99
       War axe           |       |       |       |    86 |       ||    86
       Punch             |       |       |       |     2 |     1 ||     3
       Broad axe         |       |       |       |   259 |    12 ||   271
       Hand axe          |       |       |       |     1 |       ||     1
Throw: Throwing net      |       |       |       |     1 |       ||     1
 Cast: Shock             |    10 |    23 |    10 |       |       ||    43
Invok: Heroism           |       |       |     8 |    28 |     1 ||    37
       Finesse           |       |       |       |     2 |       ||     2
Evoke: Wand              |       |       |     9 |     3 |       ||    12
       Phial of floods   |       |       |       |     1 |       ||     1
  Use: Potion            |     2 |     3 |     7 |       |       ||    12
       Scroll            |       |       |    12 |    14 |     1 ||    27
 Stab: Sleeping          |     2 |       |       |     3 |       ||     5
       Confused          |       |       |     1 |     2 |       ||     3
       Distracted        |       |       |       |     2 |       ||     2
       Held in net/web   |       |       |       |     1 |       ||     1
  Eat: Chunk             |     3 |    10 |    14 |    27 |       ||    54
       Ration            |       |       |     1 |       |       ||     1
Armor: Robe              |    27 |     8 |       |       |       ||    35
       Skin              |     3 |    11 |       |       |       ||    14
       Ring mail         |       |    15 |   127 |    29 |       ||   171
       Troll leather arm |       |       |       |    61 |       ||    61
       Plate armour      |       |       |       |    21 |       ||    21
       Swamp dragon scal |       |       |       |    31 |    15 ||    46
Dodge: Dodged            |    65 |    88 |   374 |   438 |    27 ||   992
